 Dungeon Crawl Stone Soup version 0.24-a0-217-g1152973 (console) character file.

Game seed: 8240467041934497081

445 bli the Magician (level 6, 0/47 HPs)
             Began as a Draconian Wizard on Mar 29, 2019.
             Slain by a phantom (7 damage)
             ... on level 5 of the Dungeon.
             The game lasted 00:15:03 (4124 turns).

bli the Magician (Draconian Wizard)                 Turns: 4124, Time: 00:15:04

Health: 0/47       AC:  6    Str:  9    XL:     6   Next: 72%
Magic:  5/13       EV: 13    Int: 20    God:
Gold:   248        SH:  0    Dex: 12    Spells: 10/14 levels left

rFire    . . .     SeeInvis .   z - +2 hand axe (venom)
rCold    + . .     Gourm    .   (no shield)
rNeg     . . .     Faith    .   (armour unavailable)
rPois    .         Spirit   .   a - +0 hat
rElec    .         Reflect  .   (no cloak)
rCorr    .         Harm     .   (no gloves)
MR       .....                  (no boots)
Stlth    ++........             (no amulet)
HPRegen  0.15/turn              j - ring of protection from cold
MPRegen  0.13/turn              d - +2 ring of intelligence

@: no status effects
A: unfitting armour, cold-blooded, AC +6
a: no special abilities


You were on level 5 of the Dungeon.
You were not hungry.

You visited 1 branch of the dungeon, and saw 5 of its levels.

You collected 248 gold pieces.

Inventory:

Hand Weapons
 e - a +0 short sword
 t - a +0 trident
 w - a cursed -2 quarterstaff
 x - a +0 long sword
 z - a +2 hand axe of venom (weapon)
Missiles
 f - a throwing net (quivered)
 l - 33 poisoned needles
 r - 77 stones
 y - 4 tomahawks
Armour
 a - a +0 hat (worn)
 g - a +0 shield
 C - a +0 shield
Jewellery
 d - a +2 ring of intelligence (right hand)
 j - a ring of protection from cold (left hand)
 F - an uncursed amulet of rage {unknown}
Wands
 A - a wand of polymorph (8)
Scrolls
 b - 3 scrolls of fog {unknown}
 h - a scroll of blinking {unknown}
 k - 2 scrolls of enchant armour {unknown}
 n - 3 scrolls of enchant weapon {unknown}
 q - 2 scrolls of identify {unknown}
 u - 3 scrolls of teleportation {unknown}
 v - a scroll of magic mapping {unknown}
 D - 2 scrolls of remove curse {unknown}
Potions
 m - 2 potions of resistance {unknown}
 o - a potion of haste {unknown}
 p - a potion of flight {unknown}
 s - 2 potions of heal wounds {unknown}
 B - a potion of ambrosia {unknown}
 E - 2 potions of brilliance {unknown}
 G - a potion of might {unknown}
Comestibles
 c - 9 rations
 i - 2 chunks of flesh


   Skills:
 + Level 1.4 Fighting
 + Level 2.9 Dodging
 - Level 2.0 Stealth
 + Level 4.6 Spellcasting
 * Level 4.2 Conjurations
   Level 1.0 Summonings
   Level 1.0 Translocations
 * Level 1.1 Air Magic
 * Level 1.3 Poison Magic


You had 10 spell levels left.
You knew the following spells:

 Your Spells              Type           Power        Failure   Level  Hunger
a - Magic Dart            Conj           ###.         1%          1    None
c - Mephitic Cloud        Conj/Pois/Air  ##......     14%         3    ##.....

Your spell library contained the following spells:

 Spells                   Type           Power        Failure   Level  Hunger
 Blink                    Tloc           N/A          12%         2    #......
 Call Imp                 Summ           #.......     12%         2    #......
 Conjure Flame            Conj/Fire      ##......     16%         3    ##.....
 Slow                     Hex            #.......     19%         2    #......


Dungeon Overview and Level Annotations

Branches:
Dungeon (5/15)
 Temple: D:4-7

Altars:
Kikubaaqudgha


Innate Abilities, Weirdness & Mutations

Your plain brown scales are hard. (AC +6)
You cannot fit into any form of body armour.
You are cold-blooded and may be slowed by cold attacks.


Message History

The magic dart hits the phantom.
The phantom is heavily damaged.
You closely miss the phantom.
Your tail-slap misses the phantom.
The phantom is heavily damaged.
The phantom hits you!
You closely miss the phantom.
The phantom is heavily damaged.
The phantom closely misses you.
You miss the phantom.
The phantom is heavily damaged.
The phantom closely misses you.
You hit the phantom.
The phantom is severely damaged.
The phantom hits you!
* * * LOW HITPOINT WARNING * * *
The phantom misses you.
You barely miss the phantom.
The phantom is severely damaged.
The phantom hits you!
You die...

##+#####
#......#
#......#
#......#
#.<@...#
#..W...#
+......#
#......#
#......#
#....>.#
#......#
#......#


You could see a phantom.

Vanquished Creatures
  A howler monkey (D:4)
  A hound (D:4)
  2 orc wizards (D:4)
  2 orc priests (D:3)
  A bullfrog skeleton (D:4)
  A worker ant (D:4)
  A hound skeleton (D:4)
  7 adders
  2 river rats (D:4)
  3 oozes
  A dart slug (D:1)
  2 leopard geckos (D:2)
  11 orcs
  4 ball pythons (D:4)
  13 bats
  4 giant cockroaches
  5 goblins
  3 hobgoblins
  7 jackals
  5 kobolds
  3 quokkas (D:2)
  6 frilled lizards
  12 rats
97 creatures vanquished.

Vanquished Creatures (others)
  An orc wizard (D:3)
1 creature vanquished.

Grand Total: 98 creatures vanquished

Notes
Turn   | Place    | Note
-------+----------+-------------------------------------------
     0 | D:1      | bli the Draconian Wizard began the quest for the Orb.
     0 | D:1      | Reached XP level 1. HP: 14/14 MP: 4/4
   428 | D:1      | Reached XP level 2. HP: 20/20 MP: 0/6
  1111 | D:2      | Reached XP level 3. HP: 26/26 MP: 0/8
  1604 | D:2      | Learned a level 3 spell: Mephitic Cloud
  2072 | D:3      | Reached XP level 4. HP: 32/33 MP: 4/9
  2706 | D:3      | Reached XP level 5. HP: 39/39 MP: 5/11
  3260 | D:4      | Reached skill level 1 in Fighting
  3262 | D:4      | Reached XP level 6. HP: 24/47 MP: 5/12
  3370 | D:4      | Found an ancient bone altar of Kikubaaqudgha.
  3409 | D:4      | Reached skill level 1 in Poison Magic
  3414 | D:4      | Reached skill level 1 in Air Magic
  4101 | D:5      | Entered Level 5 of the Dungeon
  4124 | D:5      | Slain by a phantom

Levels and vault maps discovered:
D:1:      psy_arrival_radial01, layout_basic, serial_forest,
          infiniplex_forest_clump_cross, infiniplex_forest_clump_double,
          infiniplex_forest_diagonal, infiniplex_forest_straight_2,
          infiniplex_forest_end_1
D:2:      layout_loops_ring, kennysheep_generic_room_4
D:3:      layout_basic, minmay_diced_spiral
D:4:      layout_gridville, kiku_gazebo_pond_becter, portal_sewer_entry_e
D:5:      layout_basic, basic_altar, serial_shops, shop, first_ration

Skill      XL: |  1  2  3  4  5  6 |
---------------+-------------------+-----
Dodging        | 2 |  2.9
Conjurations   | 2 3 4 |  4.2
Spellcasting   | 4 |  4.6
Stealth        | 2 |  2.0
Fighting       | 1 |  1.4
Poison Magic   | 1 |  1.3
Air Magic      | 1 |  1.1
Summonings     | |  1.0
Translocations | |  1.0

Action                   |  1- 3 |  4- 6 || total
-------------------------+-------+-------++-------
Melee: Short sword       |    81 |    12 ||    93
       Tailslap          |     3 |     5 ||     8
       Trident           |       |    20 ||    20
       Hand axe          |       |    68 ||    68
       Long sword        |       |     8 ||     8
 Cast: Magic Dart        |    68 |   129 ||   197
       Mephitic Cloud    |       |     2 ||     2
  Use: Potion            |       |     2 ||     2
 Stab: Confused          |       |     1 ||     1
  Eat: Chunk             |     4 |     6 ||    10
Armor: Skin              |    36 |    47 ||    83
Dodge: Dodged            |    76 |    94 ||   170
       Rpst.: Long sword |       |     3 ||     3

Table legend:
 A = Non-vault XP
 B = Vault XP
 C = Vault XP percentage of total XP
 D = Non-vault monster count
 E = Vault monster count
 F = Vault count percentage of total count
                 A         B        C        D         E       F
            +---------+---------+-------+---------+---------+-------
      Total |     567 |      70 |  11.0 |      85 |      13 |  13.3
            +---------+---------+-------+---------+---------+-------
        D:1 |      20 |       0 |   0.0 |      11 |       0 |   0.0
        D:2 |      69 |       2 |   2.8 |      24 |       1 |   4.0
        D:3 |     149 |      32 |  17.7 |      29 |       4 |  12.1
        D:4 |     329 |      36 |   9.9 |      21 |       8 |  27.6
            +---------+---------+-------+---------+---------+-------
